 Dungeon Crawl Stone Soup version 0.30-a0-847-g17996783a1 (webtiles) character file.

Game seed: 17240773421565541939

106 Dittersdorf the Covered (level 4, -3/29 HPs)
             Began as a Gargoyle Fighter on Mar 3, 2023.
             Slain by a gnoll
             ... wielding a +0 spear
              (7 damage)
             ... on level 3 of the Dungeon.
             The game lasted 00:02:27 (1828 turns).

Dittersdorf the Covered (Gargoyle Fighter)          Turns: 1828, Time: 00:02:27

Health: -3/29      AC: 10    Str: 21    XL:     4   Next: 84%
Magic:  13/13      EV: 14    Int:  9    God:
Gold:   147        SH:  4    Dex:  9    Spells: 3/3 levels left

rFire   . . .      SeeInvis .    a - +0 flail
rCold   . . .      Faith    .    c - +0 buckler
rNeg    + . .      Spirit   .    b - +0 scale mail
rPois   ∞          Reflect  .    (no helmet)
rElec   +          Rampage  .    (no cloak)
rCorr   .                        (no gloves)
Will    .....                    (no boots) Stlth
                                 g - amulet of magic regeneration
HPRegen 0.24/turn                l - +5 ring of evasion
MPRegen 0.53/turn                m - ring of magical power

@: no status effects
A: sickness immunity, AC +3, negative energy resistance 1, electricity
resistance, torment resistance 1, petrification resistance
a: no special abilities


You were on level 3 of the Dungeon.
You visited 1 branch of the dungeon, and saw 3 of its levels.

You collected 147 gold pieces.

Inventory:

Hand Weapons
 a - a +0 flail (weapon)
Armour
 b - a +0 scale mail (worn)
 c - a +0 buckler (worn)
Jewellery
 g - an amulet of magic regeneration (around neck)
 l - a +5 ring of evasion (left hand)
 m - a ring of magical power (right hand)
 p - a +5 ring of evasion
Scrolls
 e - a scroll of identify {unknown}
 i - a scroll of magic mapping {unknown}
 j - 2 scrolls of teleportation {unknown}
 o - a scroll of fog {unknown}
 r - a scroll of noise {unknown}
Potions
 d - a potion of might
 f - a potion of curing {unknown}
 h - a potion of brilliance {unknown}
 k - a potion of attraction {unknown}
 n - a potion of magic {unknown}
 q - a potion of lignification {unknown}


   Skills:
 + Level 4.0 Fighting
 + Level 2.9 Maces & Flails
 + Level 4.1 Armour
 + Level 4.1 Shields


You had 3 spell levels left.
You didn't know any spells.
Your spell library contained the following spells:

 Spells                   Type           Power      Damage    Failure   Level
 Summon Guardian Golem    Hex/Summ       0%         N/A       99%         3
 Orb of Destruction       Conj           0%         9d5       100%        7
 Spellforged Servitor     Conj/Summ      0%         N/A       100%        7


Dungeon Overview and Level Annotations

Branches:
Dungeon (3/15)

Altars:

Shops:
D:1 ?

Annotations:
D:2 1 runed translucent door, Crazy Yiuf


Innate Abilities, Weirdness & Mutations

You are immune to sickness and miasma.
Your stone body is resilient. (AC +3)
You are immune to poison.
You resist negative energy. (rN+)
You are resistant to electric shocks. (rElec)
You are resistant to unholy torment.
You are immune to petrification.


Message History

The gnoll closely misses you. The gnoll hits you but does no damage.
The gnoll completely misses you.
You thump the gnoll!
The gnoll is heavily wounded.
The gnoll hits you but does no damage. The gnoll hits you with a +0 spear.
* * * LOW HITPOINT WARNING * * *
You sock the gnoll!
You kill the gnoll!
The gnoll misses you.
Your Fighting skill increases to level 4!
You thump the gnoll!
The gnoll is almost dead.
The gnoll hits you with a +0 club.
* * * LOW HITPOINT WARNING * * *
You block the gnoll's attack.
You sock the gnoll!
You kill the gnoll!
The gnoll hits you from afar with a +0 spear.
* * * LOW HITPOINT WARNING * * *
The gnoll closely misses you. The gnoll hits you but does no damage.
Things that are here:
a +0 club; a +0 spear; a gnoll corpse You hit the gnoll.
The gnoll is lightly wounded.
The gnoll hits you but does no damage.
You hit the gnoll but do no damage.
The gnoll is lightly wounded.
The gnoll hits you with a +0 spear.
* * * LOW HITPOINT WARNING * * *
You barely miss the gnoll.
The gnoll is lightly wounded.
The gnoll hits you but does no damage. The gnoll misses you.
You hit the gnoll.
The gnoll is heavily wounded.
The gnoll misses you.
You hit the gnoll.
The gnoll is almost dead.
The gnoll hits you with a +0 spear!
You die...

#.# ##(########
#.........#
#.........#
#.........#
##.######## #^#
#)# #@########
########.g.......
#.........######
#.............#
#....)))..###g# #
#.........# #.# #
#.........# #g# #
#.........# #g# #
#.........# #g# #


You could see a gnoll.

Vanquished Creatures
  3 gnolls (D:3)
  2 adders (D:2)
  4 bats
  5 endoplasms
  6 giant cockroaches (D:1)
  5 goblins
  6 hobgoblins
  6 kobolds
  A quokka (D:1)
  9 ball pythons
  A frilled lizard (D:1)
  5 rats (D:1)
53 creatures vanquished.

Vanquished Creatures (others)
  A fungus (D:2)
1 creature vanquished.

Grand Total: 54 creatures vanquished

Notes
Turn   | Place    | Note
-------+----------+-------------------------------------------
     0 | D:1      | Dittersdorf the Gargoyle Fighter began the quest for the
                  | Orb.
     0 | D:1      | Reached XP level 1. HP: 14/14 MP: 1/1
    15 | D:1      | Found Beqoiwuw's Magic Scroll Shoppe.
   196 | D:1      | Reached XP level 2. HP: 19/19 MP: 2/2
   412 | D:1      | Reached XP level 3. HP: 23/23 MP: 3/3
  1045 | D:2      | Identified the +1 dagger "Likkem" {freeze, Int+3}
  1146 | D:2      | Reached XP level 4. HP: 29/29 MP: 4/4
  1200 | D:2      | Found a faded altar of an unknown god.
  1492 | D:2      | Found a runed translucent door.
  1493 | D:2      | Noticed Crazy Yiuf
  1828 | D:3      | Slain by a gnoll

Illustrated notes

Levels and vault maps discovered:
D:1:      lemuel_arrival_lava_pool, layout_loops_corners, serial_shops, shop,
          serial_glass, glass_columns_a, glass_columns_c, glass_columns_c,
          glass_columns_c, glass_columns_c, glass_columns_a
D:2:      layout_loops_ring, ebering_ecumenical_altar_rust,
          uniq_crazy_yiuf_cottage
D:3:      layout_basic, minmay_misc_feat_columns

Skill      XL: |  1  2  3  4 |
---------------+-------------+-----
Armour         | 4 |  4.1
Shields        | 4 |  4.1
Fighting       | 4 |  4.0
Maces & Flails | |  2.9

Action                     |  1- 3 |  4- 6 || total
---------------------------+-------+-------++-------
  Melee: Flail             |   148 |    57 ||   205
 Armour: Scale mail        |    79 |    26 ||   105
  Dodge: Dodged            |    79 |    41 ||   120
  Block: Buckler           |    35 |    17 ||    52

Table legend: (Time is in decaauts)
 A = Elapsed time spent in this place.
 B = Non-inter-level travel time spent in this place.
 C = Inter-level travel time spent in this place.
 D = Time resting spent in this place.
 E = Time spent auto-exploring this place.
 F = Levels seen in this place.
 G = Mean time per level.
                   A        B        C        D        E       F      G
               +--------+--------+--------+--------+--------+-----+--------+
         Total |   1891 |   1864 |     27 |      0 |   1364 |   3 |  630.3 |
       Dungeon |   1891 |   1864 |     27 |      0 |   1364 |   3 |  630.3 |
               +--------+--------+--------+--------+--------+-----+--------+

Top non-repeatable levels by time:
     D:1: 898 daAuts
     D:2: 673 daAuts
     D:3: 320 daAuts
